 Dungeon Crawl Stone Soup version 0.24.1-14-gf8d2b509d9 (webtiles) character file.

Game seed: 14945177314755486438, levelgen mode: deterministic

14 Froggeryz the Insei (level 2, -4/18 HPs)
             Began as an Octopode Transmuter on Nov 4, 2022.
             Slain by a gnoll
             ... wielding a +0 spear
              (6 damage)
             ... on level 1 of the Dungeon.
             The game lasted 00:00:40 (546 turns).

Froggeryz the Insei (Octopode Transmuter)            Turns: 546, Time: 00:00:41

Health: -4/18      AC:  1    Str:  9    XL:     2   Next: 41%
Magic:  4/5        EV: 13    Int: 15    God:
Gold:   16         SH:  0    Dex: 12    Spells: 2/5 levels left

rFire    . . .     SeeInvis .     - Unarmed
rCold    . . .     Gourm    .   (no shield)
rNeg     . . .     Faith    .   (helmet restricted)
rPois    .         Spirit   .   (no amulet)
rElec    .         Reflect  .   (no ring)
rCorr    .         Harm     .   (no ring)
MR       .....                  (no ring)
Stlth    ++........             (no ring)
HPRegen  0.06/turn              (no ring)
MPRegen  0.09/turn              (no ring)
                                (no ring)
                                (no ring)

@: no status effects
A: almost no armour, stealthy swim, amphibious, 8 rings, constrict 8, camouflage
1, gelatinous body 1
a: no special abilities


You were on level 1 of the Dungeon.
You were not hungry.

You visited 1 branch of the dungeon, and saw 1 of its levels.

You collected 16 gold pieces.

Inventory:

Missiles
 a - 24 arrows
Scrolls
 b - a scroll of teleportation {unknown}
 d - a scroll of immolation {unknown}
Comestibles
 c - a ration


   Skills:
 + Level 1.5 Fighting
 - Level 2.0 Dodging
 * Level 3.5 Unarmed Combat
 - Level 2.0 Spellcasting
 - Level 2.0 Transmutations


You had 2 spell levels left.
You knew the following spells:

 Your Spells              Type           Power        Failure   Level  Hunger
a - Beastly Appendage     Tmut           #.....       10%         1    #......
b - Sticks to Snakes      Tmut           #.......     14%         2    ###....

Your spell library contained the following spells:

 Spells                   Type           Power        Failure   Level  Hunger
 Spider Form              Tmut/Pois      #.........   41%         3    ###....
 Ice Form                 Ice/Tmut       #.......     82%         4    #####..
 Blade Hands              Tmut           #.........   95%         5    ######.


Dungeon Overview and Level Annotations

Branches:
Dungeon (1/15)

Altars:


Innate Abilities, Weirdness & Mutations

You cannot wear most types of armour.
You are very stealthy in the water. (Stealth+)
You are amphibious.
You can wear up to eight rings at the same time.
You can use your tentacles to constrict eight enemies at once.
Your skin changes colour to match your surroundings (Stealth+).
Your rubbery body absorbs attacks. (AC +1, EV +1)


Message History

The hobgoblin hits you with a +0 club.
Your ball python bites the hobgoblin.
You tentacle-slap the hobgoblin.
You kill the hobgoblin!
The goblin barely misses your ball python.
The goblin misses your ball python. The goblin hits you. The gnoll misses you.
Your ball python barely misses the goblin.
Your ball python closely misses the goblin.
You closely miss the goblin. Your grab misses the goblin. The goblin hits you.
The gnoll closely misses you.
Your ball python barely misses the goblin.
Your ball python grabs the goblin.
Your ball python constricts the goblin.
You tentacle-slap the goblin.
You kill the goblin!
The gnoll closely misses you. The gnoll hits you with a +0 spear!
* * * LOW HITPOINT WARNING * * *
You barely miss the gnoll. You grab the gnoll. You constrict the gnoll.
Your ball python bites the gnoll.
The gnoll hits you with a +0 spear.
You die...

≈.≈.... ≈.≈≈≈..
#.##.......... ....≈..
#............(. ≈≈≈.≈..###
#............... ≈
...#...#..........# ≈ ≈≈
#.#...#..(.......# ....
####................# ...#
#.......#g#........#
..####.......).S@........##
....................†.....#
......................?....
...........................
....................>......
#....>.....................
...........................
(..(().......#####.........
#.#.÷........########......


You could see a gnoll and a friendly ball python.

Vanquished Creatures
  3 bats (D:1)
  2 goblins (D:1)
  A hobgoblin (D:1)
  4 kobolds (D:1)
  A frilled lizard (D:1)
  A rat (D:1)
12 creatures vanquished.

Vanquished Creatures (collateral kills)
  A ball python (D:1)
1 creature vanquished.

Grand Total: 13 creatures vanquished

Notes
Turn   | Place    | Note
-------+----------+-------------------------------------------
     0 | D:1      | Froggeryz the Octopode Transmuter began the quest for the
                  | Orb.
     0 | D:1      | Reached XP level 1. HP: 13/13 MP: 3/3
   289 | D:1      | Reached XP level 2. HP: 17/18 MP: 5/5
   504 | D:1      | Learned a level 2 spell: Sticks to Snakes
   546 | D:1      | Slain by a gnoll

Levels and vault maps discovered:
D:1:      evilmike_arrival_hilbert_curve, layout_rooms

Action                   || total
-------------------------++-------
Melee: Unarmed           ||    30
       Constrict         ||     4
       Tentacles         ||     2
       Kick              ||     2
       Punch             ||     1
 Cast: Sticks to Snakes  ||     1
       Beastly Appendage ||     1
Armor: Skin              ||     9
Dodge: Dodged            ||    31
